 Dungeon Crawl Stone Soup version 0.29.0-15-g675c0067aa (webtiles) character file.

Game seed: 555769048492932474

428 qw the Chopper (level 6, -1/40 HPs)
             Began as a Gargoyle Fighter on Sept 12, 2022.
             Was a Follower of Okawaru.
             Killed by divine providence
             ... invoked by an orc priest
              (11 damage)
             ... on level 5 of the Dungeon.
             The game lasted 00:01:23 (4395 turns).

qw the Chopper (Gargoyle Fighter)                   Turns: 4395, Time: 00:01:24

Health: -1/40      AC: 16    Str: 22    XL:     6   Next: 98%
Magic:  4/6        EV:  9    Int:  8    God:    Okawaru [*.....]
Gold:   63         SH: 10    Dex:  9    Spells: 5/5 levels left

rFire   . . .      SeeInvis .   Y - +0 war axe
rCold   . . .      Faith    .   c - +0 buckler
rNeg    + . .      Spirit   .   q - +0 chain mail
rPois   inf        Reflect  +   (no helmet)
rElec   +          Harm     .   (no cloak)
rCorr   .          Rampage  .   (no gloves)
Will    .....                   h - +0 pair of boots
Stlth   ..........              i - amulet of reflection
HPRegen 0.13/turn               (no ring)
MPRegen 0.10/turn               (no ring)

@: heroic
A: sickness immunity, AC +4, negative energy resistance 1, electricity
resistance, torment resistance 1, petrification resistance
a: Renounce Religion, Heroism


You were on level 5 of the Dungeon.
You worshipped Okawaru.
Okawaru was aware of your devotion.
You visited 2 branches of the dungeon, and saw 6 of its levels.

You collected 183 gold pieces.
You spent 120 gold pieces at shops.


Innate Abilities, Weirdness & Mutations

You are immune to sickness and miasma.
Your stone body is resilient. (AC +4)
You are immune to poison.
You resist negative energy. (rN+)
You are resistant to electric shocks. (rElec)
You are resistant to unholy torment.
You are immune to petrification.


   Skills:
 - Level 4.8(9.8) Fighting
 + Level 5.7(10.7) Axes
 - Level 1.0(6.0) Throwing
 - Level 3.2(8.2) Armour
 - Level 3.2(8.2) Shields
 + Level 0.0 Invocations


You had 5 spell levels left.
You didn't know any spells.
Your spell library was empty.

Inventory:

Hand Weapons
 g - a +3 flail of protection
 Y - a +0 war axe (weapon)
Missiles
 l - 2 javelins (quivered)
Armour
 c - a +0 buckler (worn)
 h - a +0 pair of boots (worn)
 o - a +0 scale mail of fire resistance
 q - a +0 chain mail (worn)
Jewellery
 i - an amulet of reflection (around neck)
Wands
 p - a wand of digging (5)
Scrolls
 a - a scroll of identify
 e - a scroll of blinking
Potions
 d - a potion of might
 j - a potion of haste {unknown}
 k - a potion of attraction {unknown}
 m - a potion of cancellation {unknown}
 n - a potion of curing
 r - a potion of lignification {unknown}

Dungeon Overview and Level Annotations

Branches:
Dungeon (5/15)             Temple (1/1) D:4

Altars:
Ashenzari
Cheibriados
Dithmenos
Elyvilon
Fedhas
Hepliaklqana
Kikubaaqudgha
Nemelex Xobeh
Okawaru
Qazlal
Ru
Sif Muna
Trog
Uskayaw
Vehumet
Wu Jian
Yredelemnul
Zin
The Shining One

Shops:
D:2 [*   D:4 [[


Message History

You miss the hound. You block the hound's attack. The hound bites you.
The ice beast hits you but does no damage.
You closely miss the ice beast.
The ice beast is almost dead.
You completely miss the hound. You block the hound's attack.
The ice beast hits you. The ice beast freezes you.
An orc comes into view. It is wielding a +0 dagger.
The orc priest hits you but does no damage.
The hound bites you but does no damage.
The orc shouts!
You hit the ice beast.
The ice beast is almost dead.
You closely miss the hound.
You hear a shout! x2
You block the hound's attack. The ice beast closely misses you.
The orc priest mumbles some strange prayers to Beogh against you.
Beogh smites you! The hound bites you but does no damage.
The ice beast hits you but does no damage.
An orc priest comes into view. It is wielding a +0 short sword.
You block the orc priest's attack.
You closely miss the ice beast.
The ice beast is almost dead.
You slash the hound!
You kill the hound!
Okawaru accepts your kill. The orc priest barely misses you.
The ice beast hits you but does no damage.
You slash the ice beast!
You kill the ice beast!
Okawaru is honoured by your kill.
You can now gain great but temporary skills.
An orc priest comes into view. It is wielding a +0 flail.
The orc priest hits you but does no damage.
Your Fighting skill increases to level 4!
4395 ||| INVOKING Heroism.
You gain the combat prowess of a mighty hero.
The orc priest calls down the wrath of Beogh upon you.
Beogh smites you!
You die...

#.... ########.o.
. ..........# ..
. .........###o.
..##.......o..
...........o##...
.................
.........@#
...#..<..#
..........#
...#.........
.....######....
..... .... ....
... ##. .#. ..
#.#


You could see 3 orc priests and an orc.

Vanquished Creatures
  Edmund (D:4)
  An ice beast (D:5)
  2 hounds
  A gnoll (D:3)
  4 adders
  8 dart slugs
  2 orcs (D:4)
  4 bats
  10 endoplasms
  3 giant cockroaches
  7 goblins
  8 hobgoblins
  6 jackals
  9 quokkas
  8 ball pythons
  5 frilled lizards
  8 kobolds
  3 rats
90 creatures vanquished.

Vanquished Creatures (others)
  A plant (D:2)
1 creature vanquished.

Grand Total: 91 creatures vanquished

Notes
Turn   | Place    | Note
-------+----------+-------------------------------------------
     0 | D:1      | qw the Gargoyle Fighter began the quest for the Orb.
     0 | D:1      | Reached XP level 1. HP: 14/14 MP: 1/1
     0 | D:1      | 0 ||| qw: Version: 0.1-a-119-g272c26d
     0 | D:1      | 0 ||| qw: Game counter: 10910
     0 | D:1      | 0 ||| qw: Always use a shield: true
     0 | D:1      | 0 ||| qw: God list: Okawaru
     0 | D:1      | 0 ||| qw: Allow faded altars: false
     0 | D:1      | 0 ||| qw: Do Orc after D:15 true
     0 | D:1      | 0 ||| qw: Do second Lair branch before Depths: true
     0 | D:1      | 0 ||| qw: Lair rune preference: random
     0 | D:1      | 0 ||| qw: Plans: Normal, Zot, God:TSO, Crypt, Tomb, Pan,
                  | Slime, Hells, Zig, Abyss, Orb
     0 | D:1      | 0 ||| PLANNING D:1-11
    33 | D:1      | Found a faded altar of an unknown god.
    61 | D:1      | Reached skill level 2 in Axes
    68 | D:1      | HP: 2/14 [jackal (3)]
    71 | D:1      | Reached XP level 2. HP: 3/19 MP: 2/2
    72 | D:1      | 72 ||| Stepping ~*~*~tactically~*~*~ (stealth).
   549 | D:1      | Reached skill level 3 in Axes
   618 | D:1      | Reached XP level 3. HP: 23/23 MP: 3/3
  1005 | D:1      | Reached skill level 1 in Throwing
  1106 | D:1      | 1106 ||| DROPPING +0 leather armour of poison resistance.
  1107 | D:1      | 1107 ||| READING 3 scrolls labelled DAUZOYBRAPH.
  1206 | D:2      | Found Ocanwem's Armour Shop.
  1210 | D:2      | 1210 ||| SHOPLISTING +4 moon troll leather armour {Spirit,
                  | Regen++ MP+5} (654 gold, have 35).
  1365 | D:2      | 1365 ||| Stepping ~*~*~tactically~*~*~ (stealth).
  1463 | D:2      | Reached XP level 4. HP: 28/28 MP: 4/4
  1791 | D:2      | 1791 ||| DROPPING +0 club.
  1795 | D:2      | Found Geguoreh's General Store.
  1798 | D:2      | 1798 ||| BUYING scroll of blinking (75 gold).
  1798 | D:2      | Bought a scroll of blinking for 75 gold pieces
  1798 | D:2      | 1798 ||| SHOPLISTING scroll of teleportation (30 gold, have
                  | 2).
  2101 | D:2      | 2101 ||| READING scroll labelled SYOPRI CEITWEQ.
  2102 | D:2      | 2102 ||| READING scroll labelled ASAINY HITAF.
  2103 | D:2      | 2103 ||| READING scroll labelled ILLEYT CYASIFF.
  2104 | D:2      | 2104 ||| READING scroll labelled ILUT DYAWUHU.
  2107 | D:2      | 2107 ||| READING 2 scrolls of identify.
  2107 | D:2      | 2107 ||| IDENTIFYING glowing dark potion
  2108 | D:2      | 2108 ||| DROPPING potion of berserk rage.
  2209 | D:3      | 2209 ||| Stepping ~*~*~tactically~*~*~ (stealth).
  2240 | D:3      | 2240 ||| Stepping ~*~*~tactically~*~*~ (stealth).
  2244 | D:3      | Reached skill level 4 in Axes
  2265 | D:3      | 2265 ||| Stepping ~*~*~tactically~*~*~ (hiding).
  2612 | D:3      | 2612 ||| Stepping ~*~*~tactically~*~*~ (stealth).
  2616 | D:3      | 2616 ||| Stepping ~*~*~tactically~*~*~ (hiding).
  2937 | D:3      | Found a hazy altar of Hepliaklqana.
  2944 | D:3      | 2944 ||| UPGRADING to +0 pair of boots.
  2949 | D:3      | 2949 ||| UPGRADING to amulet of reflection.
  2954 | D:3      | 2954 ||| READING scroll labelled WAXKEUNOBO.
  3006 | D:3      | 3006 ||| READING scroll labelled XUAGYTHRUMAA.
  3007 | D:3      | 3007 ||| READING scroll labelled WIPEUD UW EKHLI.
  3008 | D:3      | 3008 ||| READING scroll labelled YNE NEHIAR.
  3052 | D:4      | 3052 ||| Stepping ~*~*~tactically~*~*~ (stealth).
  3060 | D:4      | Reached XP level 5. HP: 23/32 MP: 5/5
  3062 | D:4      | 3062 ||| FLEEEEING.
  3065 | D:4      | 3065 ||| STAIRDANCE
  3226 | D:4      | Found a staircase to the Ecumenical Temple.
  3227 | D:4      | 3227 ||| PLANNING TEMPLE
  3227 | D:4      | 3227 ||| DRINKING 2 viscous puce potions.
  3231 | D:4      | 3231 ||| FLEEEEING.
  3232 | D:4      | 3232 ||| FLEEEEING.
  3233 | D:4      | 3233 ||| FLEEEEING.
  3234 | D:4      | 3234 ||| FLEEEEING.
  3235 | D:4      | 3235 ||| FLEEEEING.
  3236 | D:4      | 3236 ||| FLEEEEING.
  3237 | D:4      | 3237 ||| FLEEEEING.
  3240 | D:4      | 3240 ||| FLEEEEING.
  3241 | D:4      | 3241 ||| FLEEEEING.
  3244 | D:4      | 3244 ||| FLEEEEING.
  3246 | D:4      | 3246 ||| FLEEEEING.
  3247 | D:4      | 3247 ||| FLEEEEING.
  3248 | D:4      | 3248 ||| FLEEEEING.
  3249 | D:4      | 3249 ||| FLEEEEING.
  3250 | D:4      | 3250 ||| FLEEEEING.
  3251 | D:4      | 3251 ||| FLEEEEING.
  3252 | D:4      | 3252 ||| FLEEEEING.
  3253 | D:4      | 3253 ||| FLEEEEING.
  3254 | D:4      | 3254 ||| FLEEEEING.
  3255 | D:4      | 3255 ||| FLEEEEING.
  3256 | D:4      | 3256 ||| FLEEEEING.
  3257 | D:4      | 3257 ||| FLEEEEING.
  3258 | D:4      | 3258 ||| FLEEEEING.
  3259 | D:4      | 3259 ||| FLEEEEING.
  3260 | D:4      | 3260 ||| FLEEEEING.
  3261 | D:4      | 3261 ||| FLEEEEING.
  3262 | D:4      | 3262 ||| FLEEEEING.
  3263 | D:4      | 3263 ||| FLEEEEING.
  3266 | D:4      | 3266 ||| FLEEEEING.
  3267 | D:4      | 3267 ||| STAIRDANCE
  3272 | D:4      | 3272 ||| STAIRDANCE
  3281 | D:4      | 3281 ||| FLEEEEING.
  3286 | D:4      | 3286 ||| STAIRDANCE
  3316 | D:4      | 3316 ||| FLEEEEING.
  3354 | Temple   | Entered the Ecumenical Temple
  3355 | Temple   | 3355 ||| PLANNING D:1-11
  3361 | Temple   | Became a worshipper of Warmaster Okawaru
  3444 | D:4      | Noticed Edmund
  3460 | D:4      | HP: 7/32 [Edmund/+3 flail of protection (12)]
  3461 | D:4      | 3461 ||| READING scroll of teleportation.
  3719 | D:4      | Killed Edmund
  3720 | D:4      | Reached skill level 5 in Axes
  3720 | D:4      | Reached XP level 6. HP: 26/37 MP: 6/6
  3808 | D:4      | 3808 ||| DROPPING +0 mace.
  3813 | D:4      | 3813 ||| Stepping ~*~*~tactically~*~*~ (stealth).
  3814 | D:4      | 3814 ||| Stepping ~*~*~tactically~*~*~ (stealth).
  3817 | D:4      | 3817 ||| Stepping ~*~*~tactically~*~*~ (hiding).
  3819 | D:4      | 3819 ||| Stepping ~*~*~tactically~*~*~ (hiding).
  3837 | D:4      | 3837 ||| Stepping ~*~*~tactically~*~*~ (stealth).
  3982 | D:4      | Found Tuapt's Armour Emporium.
  3983 | D:4      | Found Ezeysag's Antique Armour Boutique.
  3988 | D:4      | 3988 ||| BUYING +0 chain mail (45 gold).
  3988 | D:4      | Bought a +0 chain mail for 45 gold pieces
  3988 | D:4      | 3988 ||| SHOPLISTING +0 plate armour (230 gold, have 46).
  3988 | D:4      | 3988 ||| SHOPLISTING +1 chain mail of cold resistance (165
                  | gold, have 46).
  3988 | D:4      | 3988 ||| SHOPLISTING +1 plate armour of poison resistance
                  | (320 gold, have 46).
  3988 | D:4      | 3988 ||| SHOPLISTING +2 chain mail of willpower (215 gold,
                  | have 46).
  3988 | D:4      | 3988 ||| SHOPLISTING +2 hood of the Assassin {Detection
                  | Stab+ Stlth++} (600 gold, have 46).
  3988 | D:4      | 3988 ||| SHOPLISTING +6 scale mail of Dacasus {Str+4 Dex+4}
                  | (578 gold, have 46).
  3988 | D:4      | 3988 ||| SHOPLISTING +6 scale mail of Hepliaklqana, Sharing
                  | {rF- rC++} (515 gold, have 46).
  3993 | D:4      | 3993 ||| SHOPLISTING glowing helmet (157 gold, have 46).
  3993 | D:4      | 3993 ||| SHOPLISTING glowing scale mail (147 gold, have
                  | 46).
  3993 | D:4      | 3993 ||| SHOPLISTING shiny scale mail (147 gold, have 46).
  4312 | D:4      | 4312 ||| UPGRADING to +0 scale mail of fire resistance.
  4322 | D:4      | 4322 ||| DROPPING +0 scale mail.
  4323 | D:4      | 4323 ||| UPGRADING to +0 chain mail.
  4333 | D:4      | 4333 ||| READING scroll labelled ATRAOF SATAO.
  4373 | D:5      | Entered Level 5 of the Dungeon
  4374 | D:5      | Noticed an ice beast
  4376 | D:5      | 4376 ||| Stepping ~*~*~tactically~*~*~ (stealth).
  4392 | D:5      | HP: 9/37 [orc priest/divine providence (10)]
  4394 | D:5      | Killed an ice beast
  4394 | D:5      | Reached * piety under Okawaru
  4395 | D:5      | 4395 ||| INVOKING Heroism.
  4395 | D:5      | Killed from afar by an orc priest

Levels and vault maps discovered:
D:1:      zaba_arrival_water, layout_basic, shapermc_ecumenical_altar_petra
D:2:      cheibrodos_old_hovel, layout_basic, serial_shops,
          nicolae_shop_hallway_stairs, nicolae_shop_behind_doors,
          minmay_fountain_box
D:3:      layout_basic, worldfamousw_hep_ancestral_shrine,
          minmay_misc_feat_rugged, st_stairs_11
D:4:      layout_loops_ring, minmay_temple_entry_junction,
          nicolae_wooded_promenade, uniq_edmund
D:5:      layout_rooms, mainiacjoe_overflow_alcove_1, gammafunk_ghost_mausoleum
Temple:   nicolae_temple_no_exploring_needed

Skill      XL: |  1  2  3  4  5  6 |
---------------+-------------------+-----
Axes           | 2 3 4 5 |  5.7
Throwing       | 1 |  1.0
Fighting       | 4 |  4.8
Armour         | |  3.2
Shields        | |  3.2

Action                   |  1- 3 |  4- 6 || total
-------------------------+-------+-------++-------
Melee: War axe           |    92 |   130 ||   222
Throw: Javelin           |    16 |    26 ||    42
Invok: Heroism           |       |     1 ||     1
  Use: Scroll            |     1 |    11 ||    12
       Potion            |       |     1 ||     1
Armor: Scale mail        |    46 |    45 ||    91
       Chain mail        |       |    24 ||    24
Dodge: Dodged            |    51 |    54 ||   105
Block: Buckler           |    25 |    56 ||    81
       Reflection        |       |     1 ||     1

Table legend:
 A = Non-vault XP
 B = Vault XP
 C = Vault XP percentage of total XP
 D = Non-vault monster count
 E = Vault monster count
 F = Vault count percentage of total count
                 A         B        C        D         E       F
            +---------+---------+-------+---------+---------+-------
      Total |     428 |     184 |  30.1 |      85 |       5 |   5.6
            +---------+---------+-------+---------+---------+-------
        D:1 |      60 |       0 |   0.0 |      33 |       0 |   0.0
        D:2 |      48 |       2 |   4.0 |      19 |       1 |   5.0
        D:3 |      30 |      18 |  37.5 |      14 |       3 |  17.6
        D:4 |     112 |     164 |  59.4 |      17 |       1 |   5.6
        D:5 |     178 |       0 |   0.0 |       2 |       0 |   0.0
            +---------+---------+-------+---------+---------+-------
